 Dungeon Crawl Stone Soup version 0.31-b1-22-gc680215f68 (webtiles) character file.

Game seed: 1885551725013111444

2623 ChrisAssaf the Ducker (level 9, -9/62 HPs)
             Began as a Djinni Alchemist on Jan 19, 2024.
             Was a Believer of Cheibriados.
             Mangled by a troll (10 damage)
             ... on level 9 of the Dungeon.
             The game lasted 00:29:07 (7018 turns).

ChrisAssaf the Ducker (Djinni Alchemist)            Turns: 7018, Time: 00:29:09

Health: -9/62      AC:  3    Str: 19    XL:     9   Next: 91%
Gold:   386        EV: 15    Int: 23    God:    Cheibriados [**....] SH:  5 Dex: 20

rFire   + + +        c - +0 halberd (flame)
rCold   . . .        (shield currently unavailable)
rNeg    . . .        z - +1 robe
rPois   ∞            (helmet restricted)
rElec   +            (no cloak)
rCorr   +            (no gloves)
SInv    .            (boots unavailable)
Will    .....        n - amulet of reflection
Stlth   +++          (no ring)
HPRegen 0.30/turn    (no ring)
MPRegen 0.00/turn

%: reflection, infuse magic (-10 HP)
@: resistant, attractive, unable to call your familiar, flying, very slow
A: sickness immunity, fire resistance 2, cold vulnerability 1, float, innate
caster, HP casting, extra vitality 1, beak, strong 1
a: Renounce Religion, Bend Time


You were on level 9 of the Dungeon.
You worshipped Cheibriados.
Cheibriados was pleased with you.
You visited 2 branches of the dungeon, and saw 8 of its levels.
You also visited: Sewer.

You collected 386 gold pieces.

Inventory:

Hand Weapons
 c - a +0 halberd of flaming (weapon)
 i - a +0 short sword
Missiles
 o - 6 boomerangs (quivered)
Armour
 a - a +0 robe
 z - a +1 robe (worn)
Jewellery
 l - an amulet of reflection
 n - an amulet of reflection (around neck)
 p - an amulet of the acrobat
Wands
 m - a wand of flame (8)
 u - a wand of polymorph (7)
Scrolls
 d - a scroll of amnesia
 f - a scroll of fog
 g - a scroll of vulnerability
 r - a scroll of torment
Potions
 e - a potion of cancellation {unknown}
 h - a potion of brilliance {unknown}
 j - a potion of resistance
 k - 3 potions of mutation
 s - a potion of magic {unknown}
 v - a potion of haste {unknown}
 w - a potion of lignification {unknown}
 x - a potion of enlightenment {unknown}


   Skills:
 * Level 3.8 Fighting
 - Level 1.2(2.3) Short Blades
 * Level 3.1(3.3) Long Blades
 * Level 3.9 Polearms
 * Level 2.4 Throwing
 * Level 4.0 Armour
 * Level 5.3 Dodging
 * Level 4.3 Stealth
 + Level 1.1 Shields
 * Level 3.9 Spellcasting
 * Level 3.9 Conjurations
 * Level 3.9 Hexes
 * Level 3.9 Summonings
 * Level 3.9 Necromancy
 * Level 3.9 Translocations
 * Level 3.9 Fire Magic
 * Level 3.9 Ice Magic
 * Level 3.9 Air Magic
 * Level 3.9 Earth Magic
 * Level 3.9 Alchemy
 * Level 2.6 Invocations
 * Level 3.4 Evocations


You knew the following spells:

 Your Spells              Type           Power      Damage    Failure   Level
a - Sting                 Conj/Alch      88%        1d8       1%          1
b - Mercury Vapours       Alch/Air       44%        N/A       3%          2
c - Mephitic Cloud        Conj/Alch/Air  22%        N/A       6%          3
d - Olgreb's Toxic Radia  Alch           22%        N/A       21%         4
e - Sticky Flame          Fire/Alch      22%        2d6       21%         4
f - Apportation           Tloc           44%        N/A       1%          1
g - Jinxbite              Hex            44%        N/A       3%          2
h - Call Canine Familiar  Summ           22%        N/A       6%          3
i - Flame Wave            Conj/Fire      22%        2d8       21%         4
Your spell library was empty.

Dungeon Overview and Level Annotations

Branches:
Dungeon (6/15)             Temple (1/1) D:5           Sewer (visited)

Altars:
Cheibriados
Dithmenos
Elyvilon
Fedhas
Gozag
Hepliaklqana
Makhleb
Nemelex Xobeh
Okawaru
Qazlal
Trog
Uskayaw
Wu Jian
Xom
Yredelemnul
Zin
The Shining One

Shops:
D:6 (


Innate Abilities, Weirdness & Mutations

You are immune to sickness and miasma.
You are immune to poison.
Your flesh is very heat resistant. (rF++)
You are vulnerable to cold. (rC-)
You float through the air rather than walking.
You learn spells naturally, not from books.
Your magical power is your life essence.
You have superior vitality. (+4 MHP)
You have a beak for a mouth.
Your muscles are strong. (Str +4, Int/Dex -1)


Message History

* * * LOW HITPOINT WARNING * * *
The troll misses you. The troll claws you.
* * * LOW HITPOINT WARNING * * *
Unknown command.
You feel better.
Your inugami hits the troll. You block the troll's attack.
The troll barely misses you. The troll claws you!
* * * LOW HITPOINT WARNING * * *
Okay, then.
What are your orders? t - Shout!
Orders for allies: a - Attack new target. r - Retreat! s - Stop attacking. g - Guard the area. f - Follow me.
Anything else - Cancel.
Gang up on whom?
Press: ? - help, Dir - move target, f - troll
Aim: a troll (ally target) Attack!
The hound barely misses your inugami.
Your inugami hits the troll. The troll bites your inugami.
The troll claws your inugami. x2
Unknown command.
The hound closely misses your inugami. The hound barely misses your inugami.
Your inugami hits the troll. The troll bites your inugami!
The troll closely misses your inugami. The troll claws your inugami.
Your inugami dies!
Your inugami disappears in a puff of smoke!
The hound misses you.
Okay, then.
It was a potion of resistance.
You feel protected. The hound bites you but does no damage.
The hound bites you.
* * * LOW HITPOINT WARNING * * *
The troll closely misses you. x2; The troll barely misses you.
The hound barely misses you.
It was a potion of attraction.
You feel attractive to monsters. The hound bites you.
* * * LOW HITPOINT WARNING * * *
The hound bites you but does no damage. The troll closely misses you.
You block the troll's attack. The troll claws you!
You die...

..........###
............###
..............##
................#
................##
.................#
................^##
..........hh......#
#........)T@..>...#
#.......)).......##
#......).).......#
###
##..............##
##.###
#.............##
##....###
##...........##
##.......##
#..........##
##.........#
##........##
#.......))).
#.......##
##...........


You could see a troll and 2 hounds.

Vanquished Creatures
  Jeremiah (D:6)
  Maggie (D:6)
  Sigmund (D:5)
  Menkaure (D:6)
  2 orc warriors (D:9)
  A water moccasin (D:6)
  A crocodile (Sewer)
  A centaur (D:5)
  A phantom (D:6)
  A brain worm (Sewer)
  A scorpion (D:4)
  5 wights (D:6)
  2 jellies
  4 hounds
  A bombardier beetle (D:6)
  An orc priest (D:9)
  A gnoll bouda (D:9)
  An iguana (D:5)
  Jessica (D:3)
  5 orc wizards (D:4)
  A sleepcap (D:6)
  9 gnolls
  13 adders
  A shadow imp (D:6)
  3 ribbon worms
  46 orcs
  8 ball pythons
  14 bats
  8 endoplasms
  3 giant cockroaches
  2 goblins
  6 hobgoblins
  5 quokkas
  4 frilled lizards
  5 kobolds
  5 rats
166 creatures vanquished.

Vanquished Creatures (collateral kills)
  A nameless horror (D:5)
  A jelly (D:5)
2 creatures vanquished.

Grand Total: 168 creatures vanquished

Notes
Turn   | Place    | Note
-------+----------+-------------------------------------------
     0 | D:1      | ChrisAssaf the Djinni Alchemist began the quest for the
                  | Orb.
     0 | D:1      | ChrisAssaf set off with the following spells memorised:
                  | Sting, Mercury Vapours, Mephitic Cloud, Olgreb's Toxic
                  | Radiance, Sticky Flame.
     0 | D:1      | Reached XP level 1. HP: 15/15 MP: 0/0
   228 | D:1      | Reached XP level 2. HP: 19/21 MP: 0/0
   598 | D:2      | Reached XP level 3. HP: 22/26 MP: 0/0
   598 | D:2      | Learned a level 1 spell: Apportation
  1017 | D:3      | Found a glowing silver altar of Zin.
  1018 | D:3      | Noticed an angel
  1331 | D:3      | Reached XP level 4. HP: 17/31 MP: 0/0
  1433 | D:4      | Reached skill level 1 in Fighting
  1433 | D:4      | Reached skill level 1 in Armour
  1531 | D:4      | Reached skill level 3 in Dodging
  1534 | D:4      | Reached XP level 5. HP: 31/37 MP: 0/0
  1534 | D:4      | Learned a level 2 spell: Jinxbite
  1548 | D:4      | Reached skill level 1 in Short Blades
  1716 | D:4      | Reached XP level 6. HP: 38/43 MP: 0/0
  2251 | D:4      | Reached skill level 1 in Long Blades
  2251 | D:4      | Reached skill level 1 in Polearms
  2251 | D:4      | Reached skill level 1 in Evocations
  2251 | D:4      | Reached XP level 7. HP: 48/49 MP: 0/0
  2251 | D:4      | Learned a level 3 spell: Call Canine Familiar
  2278 | D:4      | Found a bloodstained altar of Trog.
  2551 | D:5      | Entered Level 5 of the Dungeon
  2619 | D:5      | Noticed Sigmund
  2633 | D:5      | Killed Sigmund
  2634 | D:5      | Reached skill level 4 in Dodging
  2648 | D:5      | Found a staircase to the Ecumenical Temple.
  2818 | D:5      | Found a glowing drain.
  2834 | Sewer    | Entered a sewer
  2921 | Sewer    | Reached XP level 8. HP: 30/55 MP: 0/0
  3050 | Sewer    | Reached skill level 1 in Throwing
  3187 | Temple   | Entered the Ecumenical Temple
  3246 | Temple   | Became a worshipper of Cheibriados the Contemplative
  3422 | D:5      | Gained mutation: You have a beak for a mouth. [potion of
                  | mutation]
  3422 | D:5      | Gained mutation: Your muscles are strong. (Str +4, Int/Dex
                  | -1) [potion of mutation]
  3925 | D:3      | Noticed Jessica
  3929 | D:3      | Killed Jessica
  4503 | D:2      | Found a shimmering altar of Xom.
  4687 | D:2      | Reached * piety under Cheibriados
  4706 | D:2      | Found a faded altar of an unknown god.
  5427 | D:6      | Found a shadowy altar of Dithmenos.
  5462 | D:6      | Reached skill level 1 in Invocations
  5694 | D:6      | Noticed Jeremiah
  5758 | D:6      | Noticed Menkaure
  5785 | D:6      | Killed Jeremiah
  5786 | D:6      | Reached XP level 9. HP: 24/60 MP: 0/0
  5786 | D:6      | Learned a level 4 spell: Flame Wave
  5920 | D:6      | Killed Menkaure
  6042 | D:6      | Reached skill level 1 in Shields
  6060 | D:6      | Found a basalt altar of Yredelemnul.
  6148 | D:6      | Reached skill level 5 in Dodging
  6186 | D:6      | Noticed Maggie
  6199 | D:6      | Killed Maggie
  6514 | D:6      | Found Faukk's Weapon Boutique.
  6733 | D:6      | You are sucked into a shaft and drop 3 floors!
  6762 | D:9      | Reached ** piety under Cheibriados
  7007 | D:9      | Noticed a troll
  7018 | D:9      | HP: 1/62 [hound (4)]
  7018 | D:9      | Mangled by a troll

Illustrated notes

Levels and vault maps discovered:
D:1:      saegor_arrival_simple_e, layout_loops_cross
D:2:      layout_loops_ring, chequers_ecumenical_altar_lobes, basic_altar
D:3:      layout_basic, zin_angel, serial_forest, infiniplex_forest_side_room,
          infiniplex_forest_straight_1, infiniplex_forest_diagonal,
          infiniplex_forest_straight_5, infiniplex_forest_lined_room_,
          infiniplex_forest_diagonal, infiniplex_forest_straight_2,
          kennysheep_generic_room_12, uniq_jessica
D:4:      layout_basic, bloody_trog
D:5:      layout_cave_pools, minmay_temple_entry_waves, portal_sewer_entry_b,
          uniq_sigmund
D:6:      layout_loops_cross, mainiacjoe_overflow_divided_tiny,
          nicolae_overflow_crystal_walls, serial_shops, shop, uniq_menkaure,
          uniq_maggie, uniq_jeremiah
D:9:      layout_cave_pods, erik_lair_island, special_room [special_room_orc]
Temple:   nicolae_temple_bog_church

Skill      XL: |  1  2  3  4  5  6  7  8  9 |
---------------+----------------------------+-----
Stealth        | 2 3 4 |  4.3
Fighting       | 1 2 3 |  3.8
Armour         | 1 2 3 4 |  4.0
Dodging        | 3 4 5 |  5.3
Short Blades   | 1 |  1.2
Long Blades    | 1 2 3 |  3.1
Polearms       | 1 2 3 |  3.9
Evocations     | 1 2 3 |  3.4
Throwing       | 1 2 |  2.4
Invocations    | 1 2 |  2.6
Shields        | 1 |  1.1
Spellcasting   | |  3.9
Conjurations   | |  3.9
Hexes          | |  3.9
Summonings     | |  3.9
Necromancy     | |  3.9
Translocations | |  3.9
Fire Magic     | |  3.9
Ice Magic      | |  3.9
Air Magic      | |  3.9
Earth Magic    | |  3.9
Alchemy        | |  3.9

Action                     |  1- 3 |  4- 6 |  7- 9 || total
---------------------------+-------+-------+-------++-------
  Melee: Short sword       |    12 |    15 |       ||    27
         Halberd           |       |    33 |   166 ||   199
         Peck              |       |       |    24 ||    24
  Throw: Boomerang         |       |       |    21 ||    21
   Cast: Sting             |    34 |     5 |       ||    39
         Mercury Vapours   |    15 |     2 |     7 ||    24
         Mephitic Cloud    |     1 |     5 |    12 ||    18
         Olgreb's Toxic Ra |       |     8 |    17 ||    25
         Jinxbite          |       |       |     2 ||     2
         Call Canine Famil |       |       |     9 ||     9
  Evoke: Wand              |       |     2 |     7 ||     9
    Use: Scroll            |     6 |     2 |     6 ||    14
         Potion            |       |     2 |     9 ||    11
   Stab: Sleeping          |       |       |     7 ||     7
         Confused          |       |       |     7 ||     7
 Armour: Robe              |    22 |    43 |   115 ||   180
  Dodge: Dodged            |    35 |    37 |   160 ||   232
  Block: Other             |       |    10 |    60 ||    70
         Reflection        |       |       |     1 ||     1
